 Dungeon Crawl Stone Soup version 0.27-a0-1116-g91b3acb402 (webtiles) character file.

Game seed: 3256175886009435510

65934 voltaire321 the Impaler (level 15, 0/122 HPs)
             Began as a Merfolk Gladiator on Apr 30, 2021.
             Was the Champion of Makhleb.
             Slain by Jorgrun
             ... wielding a +0 vorpal quarterstaff
              (16 damage)
             ... on level 10 of the Dungeon on May 1, 2021.
             The game lasted 01:22:13 (27161 turns).

voltaire321 the Impaler (Merfolk Gladiator)        Turns: 27161, Time: 01:22:13

Health: 0/122      AC: 13    Str: 15    XL:     15   Next: 18%
Magic:  23/23      EV: 23    Int: 12    God:    Makhleb [******]
Gold:   961        SH:  5    Dex: 26    Spells: 14/14 levels left

rFire    . . .     SeeInvis .   K - +11 halberd "Wiynt" {vamp, Int+3}
rCold    . . .     Faith    .   (shield currently unavailable)
rNeg     . . .     Spirit   .   G - +0 steam dragon scales
rPois    .         Reflect  +   c - +2 helmet
rElec    .         Harm     .   e - +0 cloak
rCorr    .         Rampage  .   (no gloves)
Will     +....                  (no boots)
Stlth    ++........             p - amulet of reflection
HPRegen  0.30/turn              h - +4 ring of protection
MPRegen  0.18/turn              D - +6 ring of dexterity

@: grasped by roots, constricted
A: (nimble swimmer 2), mertail
a: Renounce Religion, Minor Destruction, Lesser Servant of Makhleb, Major
Destruction, Greater Servant of Makhleb


You were on level 10 of the Dungeon.
You worshipped Makhleb.
Makhleb was exalted by your worship.
You visited 4 branches of the dungeon, and saw 18 of its levels.
You also visited: Sewer and Ossuary.

You collected 961 gold pieces.

Inventory:

Hand Weapons
 a - a +1 trident of venom
 H - a +2 trident
 K - the +11 halberd "Wiynt" (weapon) {vamp, Int+3}
   (You found it on level 6 of the Lair of Beasts)

   It inflicts no extra harm, but heals its wielder when it wounds a living foe.
   It affects your intelligence (+3).
Missiles
 d - 5 throwing nets
 q - a boomerang (quivered)
 s - 12 curare-tipped darts
 B - 6 javelins
 M - 49 poisoned darts
Armour
 c - a +2 helmet (worn)
 e - a +0 cloak (worn)
 y - a +0 kite shield
 G - +0 steam dragon scales (worn)
Jewellery
 h - a +4 ring of protection (left hand)
 i - a ring of protection from fire
 k - a ring of fire
 o - a ring of ice
 p - an amulet of reflection (around neck)
 D - a +6 ring of dexterity (right hand)
 F - a +6 ring of intelligence
 J - an amulet of the acrobat
 S - a +6 ring of dexterity
Wands
 b - a wand of polymorph (23)
 x - a wand of iceblast (27)
 z - a wand of acid (15)
 E - a wand of digging (2)
 I - a wand of paralysis (8)
 Q - a wand of mindburst (16)
Scrolls
 j - 5 scrolls of immolation
 C - 4 scrolls of magic mapping
 L - a scroll of fear
 N - 5 scrolls of enchant weapon
 O - 8 scrolls of teleportation
 P - a scroll of fog
 T - a scroll of brand weapon
Potions
 f - 7 potions of lignification
 g - 3 potions of mutation
 l - a potion of curing
 m - 6 potions of invisibility
 n - 6 potions of brilliance {unknown}
 r - 3 potions of resistance
 t - 6 potions of flight
 u - 11 potions of ambrosia
 v - 2 potions of berserk rage
 w - a potion of cancellation
 A - 4 potions of haste
 R - a potion of magic


   Skills:
 + Level 12.4 Fighting
 + Level 15.0 Polearms
 + Level 11.4 Throwing
 + Level 0.3 Armour
 + Level 14.7 Dodging
 - Level 10.0 Shields
 + Level 11.6 Invocations


You had 14 spell levels left.
You didn't know any spells.
Your spell library contained the following spells:

 Spells                   Type           Power      Damage    Failure   Level
 Animate Skeleton         Necr           0%         N/A       32%         1
 Corona                   Hex            0%         N/A       32%         1
 Freeze                   Ice            0%         1d3       32%         1
 Magic Dart               Conj           0%         1d3       32%         1
 Pain                     Necr           0%         1d4       32%         1
 Shock                    Conj/Air       0%         1d3       32%         1
 Summon Small Mammal      Summ           0%         N/A       32%         1
 Call Imp                 Summ           0%         N/A       45%         2
 Ensorcelled Hibernation  Hex/Ice        0%         N/A       45%         2
 Searing Ray              Conj           0%         3d3       45%         2
 Static Discharge         Conj/Air       0%         N/A       45%         2
 Call Canine Familiar     Summ           0%         N/A       69%         3
 Confusing Touch          Hex            0%         N/A       69%         3
 Dazzling Flash           Conj/Hex       0%         N/A       69%         3
 Frozen Ramparts          Ice            0%         1d2       69%         3
 Gell's Gravitas          Tloc           0%         N/A       69%         3
 Ozocubu's Armour         Ice            0%         N/A       69%         3
 Stone Arrow              Conj/Erth      0%         3d7       69%         3
 Summon Guardian Golem    Hex/Summ       0%         N/A       69%         3
 Swiftness                Air            0%         N/A       69%         3
 Tukima's Dance           Hex            0%         N/A       69%         3
 Vampiric Draining        Necr           0%         2d6       69%         3
 Airstrike                Air            0%         N/A       97%         4
 Animate Dead             Necr           0%         N/A       97%         4
 Fulminant Prism          Conj/Hex       0%         3d6       97%         4
 Hailstorm                Conj/Ice       0%         3d3       97%         4
 Iskenderun's Mystic Bla  Conj/Tloc      0%         2d3       97%         4
 Petrify                  Tmut/Erth      0%         N/A       97%         4
 Summon Ice Beast         Ice/Summ       0%         N/A       97%         4
 Summon Lightning Spire   Summ/Air       0%         N/A       97%         4
 Agony                    Necr           0%         N/A       100%        5
 Bolt of Magma            Conj/Fire/Erth 0%         4d4       100%        5
 Iskenderun's Battlesphe  Conj           0%         2d6       100%        5
 Lightning Bolt           Conj/Air       0%         1d11      100%        5
 Metabolic Englaciation   Hex/Ice        0%         N/A       100%        5
 Yara's Violent Unravell  Hex/Tmut       0%         3d3       100%        5


Dungeon Overview and Level Annotations

Branches:
Dungeon (10/15)            Temple (1/1) D:4            Lair (6/6) D:9
  Swamp (0/4) Lair:3       Spider (0/4) Lair:2        Slime (0/5) Lair:5
    Orc (1/2) D:10          Sewer (visited)         Ossuary (visited)

Altars:
Ashenzari
Cheibriados
Dithmenos
Elyvilon
Fedhas
Gozag
Hepliaklqana
Kikubaaqudgha
Makhleb
Nemelex Xobeh
Okawaru
Qazlal
Ru
Sif Muna
Trog
Uskayaw
Vehumet
Wu Jian
Xom
Zin
The Shining One
Jiyva

Annotations:
D:10 Jorgrun


Innate Abilities, Weirdness & Mutations

((You are quick and stealthy near water. (Stealth+, EV+, Speed+++)))
Your lower body shifts to a powerful aquatic tail in water.


Message History

You closely miss Jorgrun.
Jorgrun is heavily wounded.
Jorgrun says, "A few more walls knocked out 'ere an' thar an' 'tis whole place will come crashin' down."
Jorgrun casts a spell at you. The iron shot misses you.
The grasping roots constrict you!
You puncture Jorgrun!
Jorgrun is heavily wounded.
You closely miss Jorgrun.
Jorgrun is heavily wounded.
You block Jorgrun's attack. The grasping roots constrict you.
You impale Jorgrun!!
You feel better.
Jorgrun is severely wounded.
You block Jorgrun's attack. The grasping roots constrict you.
You slice Jorgrun!!
Jorgrun is almost dead.
You hit Jorgrun.
Jorgrun is almost dead.
Jorgrun hits you with a +0 vorpal quarterstaff.
The grasping roots constrict you!
You slash Jorgrun!
Jorgrun is almost dead.
Jorgrun barely misses you. The grasping roots constrict you.
You closely miss Jorgrun.
Jorgrun is almost dead.
Jorgrun casts a spell at you. You resist with significant effort.
* * * LOW HITPOINT WARNING * * *
The grasping roots constrict you!
You hit Jorgrun.
Jorgrun is almost dead.
Jorgrun misses you.
* * * LOW HITPOINT WARNING * * *
The grasping roots constrict you!
You closely miss Jorgrun.
Jorgrun is almost dead.
You hit Jorgrun.
You feel better.
Jorgrun is almost dead.
Jorgrun says, "'tis place shall be yer tomb!"
Jorgrun hits you with a +0 vorpal quarterstaff!
You die...

.........#..#.##.#'#.#..........#
###...##.#..#..[.....###..#####.#
..'......#..#.)......###..# ###..
###..........<............###....
#...........##............'....
#####..............#.....####....
....#.........##.#.####### #....
....#.......#.##)#.# #....
....####....#.[g@#+##########....
....# ####'#.[.)...........#####
....# #..................# #..
....######.....##...........###..
#........#.....###'########...#..
#........#.....#..............#..
.....†...#.....#..............#..
...####...####.#..............#..
...+......+..............###.....


You could see Jorgrun.

Vanquished Creatures
  11 hydras
  4 boulder beetles
  A two-headed ogre (D:10)
  21 death yaks
  Urug (Lair:2)
  A tengu warrior (D:10)
  Sonja (Lair:3)
  Nergalle (Lair:2)
  The ghost of noodleboyJ the Thaumaturge, a novice DECj of Vehumet (D:6)
  A cyclops (D:10)
  6 elephants (Lair:5)
  6 black mambas
  A gargoyle (D:10)
  23 cane toads
  Maggie (D:9)
  8 komodo dragons
  A rime drake (Lair:5)
  A queen bee (Lair:3)
  A jumping spider (Lair:2)
  2 trolls (D:10)
  3 hornets
  4 tyrant leeches
  The ghost of robertstho the Sneak, an amateur OpBe of Trog (D:3)
  Grinder (D:3)
  36 blink frogs
  2 redbacks (Lair:2)
  2 wraiths (D:9)
  A shadow (D:9)
  2 wyverns
  7 basilisks
  A steam dragon (D:6)
  27 yaks
  6 vampire mosquitoes
  3 wargs
  11 water moccasins
  7 orc warriors
  A sky beast (D:8)
  3 black bears
  3 ice beasts
  An ogre (D:10)
  6 wolves (Lair:3)
  6 centaurs
  2 phantoms
  3 kobold brigands
  4 elf zombies (Ossuary)
  22 bullfrogs
  2 gnoll sergeants
  4 scorpions
  A wyvern zombie (D:7)
  21 killer bees
  11 wights
  7 electric eels
  7 centaur zombies
  6 human zombies (Ossuary)
  2 quasits (D:3)
  3 hounds (D:5)
  2 jellies
  9 orc priests
  A gnoll shaman (D:8)
  Ijyb (D:5)
  An iguana (D:5)
  Natasha (thrice) (D:3)
  13 orc wizards
  A killer bee zombie (D:8)
  A hound skeleton (D:5)
  3 mummies (Ossuary)
  Robin (D:2)
  2 howler monkey skeletons
  10 adders
  11 gnolls
  A river rat (Sewer)
  2 shadow imps
  A white imp (D:6)
  2 ufetubi (D:5)
  A worm (D:2)
  4 dart slugs
  37 orcs
  11 endoplasms
  3 giant cockroaches
  11 goblins
  12 hobgoblins
  8 jackals
  7 quokkas
  6 ball pythons
  5 bats
  5 frilled lizards
  17 kobolds
  10 rats
  A bush (D:10)
525 creatures vanquished.

Vanquished Creatures (others)
  A butterfly (D:7)
  29 fungi
  99 plants
129 creatures vanquished.

Grand Total: 654 creatures vanquished

Notes
Turn   | Place    | Note
-------+----------+-------------------------------------------
     0 | D:1      | voltaire321 the Merfolk Gladiator began the quest for the
                  | Orb.
     0 | D:1      | Reached XP level 1. HP: 16/16 MP: 1/1
    28 | D:1      | Reached XP level 2. HP: 11/23 MP: 2/2
   385 | D:1      | Reached XP level 3. HP: 28/28 MP: 3/3
   524 | D:1      | Found a faded altar of an unknown god.
   747 | D:2      | Reached skill level 5 in Polearms
   854 | D:2      | Noticed Robin
   874 | D:2      | Killed Robin
   876 | D:2      | Reached XP level 4. HP: 20/34 MP: 4/4
  1391 | D:2      | Upgraded the game from 0.27-a0-1105-g946c659c87 to
                  | 0.27-a0-1116-g91b3acb402
  1694 | D:2      | Reached skill level 5 in Dodging
  1694 | D:2      | Reached XP level 5. HP: 41/41 MP: 5/5
  1794 | D:3      | Found a transporter.
  1797 | D:3      | Identified the Tome of Conjuration
  1855 | D:3      | Noticed Natasha
  1859 | D:3      | Killed Natasha
  1913 | D:3      | Found a transporter.
  1921 | D:3      | Noticed robertstho's ghost (amateur OpBe)
  1935 | D:3      | Noticed Grinder
  1955 | D:3      | Killed Grinder
  1956 | D:3      | Reached skill level 6 in Polearms
  1956 | D:3      | Reached XP level 6. HP: 32/48 MP: 6/6
  2137 | D:3      | Found a stormy altar of Qazlal.
  2139 | D:3      | Noticed a water elemental
  2139 | D:3      | Noticed an air elemental
  2140 | D:3      | Noticed a fire elemental
  2181 | D:3      | Noticed Natasha
  2190 | D:3      | Killed Natasha
  2225 | D:3      | Noticed Natasha
  2246 | D:3      | Killed Natasha
  3005 | D:4      | Reached XP level 7. HP: 55/55 MP: 7/7
  3015 | D:4      | Found a staircase to the Ecumenical Temple.
  3024 | Temple   | Entered the Ecumenical Temple
  3031 | Temple   | Became a worshipper of Makhleb the Destroyer
  3048 | D:4      | You fall into a shaft and drop 3 floors!
  3057 | D:7      | Reached skill level 7 in Polearms
  3128 | D:6      | Reached skill level 1 in Invocations
  3302 | D:6      | Reached skill level 5 in Fighting
  3302 | D:6      | Reached XP level 8. HP: 54/62 MP: 9/9
  3380 | D:6      | Found a glowing drain.
  3390 | Sewer    | Entered a sewer
  3503 | Sewer    | Reached * piety under Makhleb
  3553 | Sewer    | Found a glowing silver altar of Zin.
  3646 | D:5      | Entered Level 5 of the Dungeon
  3675 | D:5      | Reached skill level 8 in Polearms
  3683 | D:5      | Found a sand-covered staircase.
  3708 | Ossuary  | Entered an ossuary
  3965 | Ossuary  | Reached skill level 5 in Throwing
  4412 | Ossuary  | Reached XP level 9. HP: 58/69 MP: 11/11
  4498 | D:5      | Noticed Ijyb
  4508 | D:5      | Killed Ijyb
  4730 | D:4      | Reached skill level 9 in Polearms
  4882 | D:4      | Found a shimmering altar of Xom.
  5301 | D:5      | Found an iron altar of Okawaru.
  5311 | D:5      | Reached ** piety under Makhleb
  5515 | D:3      | Killed robertstho's ghost
  5516 | D:3      | Reached skill level 1 in Shields
  6411 | D:5      | Found a hazy altar of Hepliaklqana.
  6823 | D:6      | Noticed noodleboyJ's ghost (novice DECj)
  6826 | D:6      | Found a transporter.
  6927 | D:6      | Reached skill level 5 in Invocations
  7099 | D:6      | Found a shimmering blue altar of Sif Muna.
  7521 | D:6      | Found a transporter.
  7818 | D:7      | Reached XP level 10. HP: 74/79 MP: 13/13
  7831 | D:7      | Reached skill level 10 in Polearms
  7915 | D:7      | Found a white marble altar of Elyvilon.
  8262 | D:7      | Found a broken altar of Ashenzari.
  8554 | D:8      | Reached *** piety under Makhleb
  8696 | D:8      | Found a bloodstained altar of Trog.
  8764 | D:8      | Found a hide-covered altar of Uskayaw.
  8792 | D:8      | Noticed a boulder beetle
  8806 | D:8      | Killed a boulder beetle
  9176 | D:8      | Found a snail-covered altar of Cheibriados.
  9432 | D:8      | Found an ancient bone altar of Kikubaaqudgha.
  9765 | D:9      | Reached skill level 10 in Dodging
  9849 | D:9      | Noticed a boulder beetle
  9870 | D:9      | Killed a boulder beetle
  9871 | D:9      | Reached skill level 11 in Polearms
  9882 | D:9      | Reached XP level 11. HP: 59/86 MP: 15/15
 10029 | D:9      | Noticed Maggie
 10053 | D:9      | Killed Maggie
 10277 | D:9      | Reached **** piety under Makhleb
 10755 | D:9      | Found a staircase to the Lair.
 11149 | D:9      | Found a sparkling altar of Nemelex Xobeh.
 11359 | D:10     | Entered Level 10 of the Dungeon
 11380 | D:10     | Reached skill level 5 in Shields
 11846 | D:10     | Found a staircase to the Orcish Mines.
 11930 | D:10     | Paralysed by a hornet for 3 turns
 11936 | D:10     | Paralysed by a hornet for 3 turns
 12795 | D:10     | Noticed a two-headed ogre
 12802 | D:10     | Killed a two-headed ogre
 12846 | D:10     | Noticed an eight-headed hydra
 12866 | D:10     | Noticed a cyclops
 12867 | D:10     | Killed an eight-headed hydra
 12868 | D:10     | Reached skill level 12 in Polearms
 12874 | D:10     | Noticed a tengu warrior
 12895 | D:10     | Killed a tengu warrior
 12899 | D:10     | Killed a cyclops
 13338 | D:6      | Killed noodleboyJ's ghost
 13339 | D:6      | Reached XP level 12. HP: 95/95 MP: 17/17
 13550 | Lair:1   | Entered Level 1 of the Lair of Beasts
 13638 | Lair:1   | Noticed a death yak
 13638 | Lair:1   | Noticed a death yak
 13639 | Lair:1   | Noticed a death yak
 13694 | Lair:1   | Killed a death yak
 13708 | Lair:1   | Killed a death yak
 13711 | Lair:1   | Noticed a death yak
 13733 | Lair:1   | Killed a death yak
 13742 | Lair:1   | Killed a death yak
 14720 | Lair:1   | Noticed a four-headed hydra
 14733 | Lair:1   | Killed a four-headed hydra
 15301 | Lair:1   | Reached skill level 10 in Fighting
 15614 | Lair:2   | Reached skill level 13 in Polearms
 15937 | Lair:2   | Noticed Nergalle
 15950 | Lair:2   | Killed Nergalle
 15993 | Lair:2   | Noticed an eight-headed hydra
 16004 | Lair:2   | Killed an eight-headed hydra
 16200 | Lair:2   | Noticed a four-headed hydra
 16211 | Lair:2   | Killed a four-headed hydra
 16630 | Lair:2   | Found a hole to the Spider Nest.
 16641 | Lair:2   | Reached XP level 13. HP: 102/104 MP: 19/19
 16677 | Lair:2   | Noticed Urug
 16700 | Lair:2   | HP: 1/91 [Urug/+4 eveningstar of draining (8)]
 16701 | Lair:2   | Killed Urug
 17831 | Lair:3   | Reached ***** piety under Makhleb
 18446 | Lair:3   | Noticed Sonja
 18463 | Lair:3   | Killed Sonja
 18579 | Lair:3   | Found a staircase to the Swamp.
 20472 | Lair:4   | Reached skill level 10 in Throwing
 21132 | Lair:5   | Reached skill level 14 in Polearms
 21241 | Lair:5   | Reached skill level 10 in Invocations
 22465 | Lair:4   | Reached XP level 14. HP: 86/113 MP: 21/21
 23083 | Lair:5   | Found a viscous altar of Jiyva.
 23083 | Lair:5   | Found a staircase to the Slime Pits.
 23348 | Lair:5   | Found a blossoming altar of Fedhas.
 23616 | Lair:6   | Entered Level 6 of the Lair of Beasts
 24940 | Lair:5   | Reached skill level 15 in Polearms
 25934 | Lair:5   | Reached ****** piety under Makhleb
 25959 | Lair:5   | Reached XP level 15. HP: 121/121 MP: 23/23
 26175 | Lair:6   | Reached skill level 10 in Shields
 26488 | Lair:6   | Identified the +4 halberd "Widowermaker" {vorpal, Int+3}
 26602 | Lair:6   | Identified the +11 halberd "Wiynt" {vamp, Int+3}
 27018 | Orc:1    | Entered Level 1 of the Orcish Mines
 27083 | Orc:1    | Noticed Jorgrun
 27161 | D:10     | Slain by Jorgrun

Illustrated notes

Levels and vault maps discovered:
D:1:      lemuel_arrival_river_ford, layout_rooms,
          shapermc_ecumenical_altar_hornbeckon
D:2:      layout_loops_corners, uniq_robin
D:3:      layout_loops_ring, nicolae_qazlal_style_of_elements,
          gammafunk_ghost_stat_death, uniq_grinder, uniq_natasha
D:4:      layout_loops_cross, lemuel_round_altar, minmay_temple_entry_arrows
D:5:      layout_loops_ring, lemuel_tele_altar, lemuel_crystal_altar,
          nicolae_ossuary_entry_monument, minmay_pentangle, uniq_ijyb
D:6:      layout_layer_cave, kennysheep_little_box, portal_sewer_entry_d,
          gammafunk_ghost_arena, kennysheep_cross_bottleneck
D:7:      layout_rooms, lemuel_doored_altar, nicolae_elyvilon_peaceful_grove,
          grunt_ministairs_1
D:8:      layout_basic, eat_drink_and_be_merry_uskayaw, kennysheep_mini,
          general_overflow_altar, kennysheep_mini_moat
D:9:      layout_basic, lemuel_coloured_pillars_altar,
          erik_lair_orcish_takeover, uniq_maggie
D:10:     minmay_cornered_nines, layout_basic, orc_0_dummy,
          nrook_mini_backslash, minmay_hedge_maze
Temple:   eino_temple_lava
Lair:1:   layout_layer_cave
Lair:2:   layout_cave_shapes, spider_nest_entry_funnel_web, uniq_urug,
          uniq_nergalle
Lair:3:   layout_cave_pods, minmay_swamp_entry_eels, special_room
          [special_room_bee], chequers_serial_rivers_micro_c,
          infiniplex_staircase_pool_2, serial_bayou_shore_b, uniq_sonja
Lair:4:   layout_cave_pods, serial_bayou_shore_a, grunt_megastairs_2
Lair:5:   layout_layer_cave, dpeg_slime_entry_enclosed_altar,
          lemuel_centaur_altar, grunt_megastairs_4, infiniplex_staircase_pool
Lair:6:   minmay_lair_end_frog_pond, layout_gridlike
Orc:1:    layout_caves, basic_altar, uniq_jorgrun

Skill      XL: |  1  2  3  4  5  6  7  8  9 10 11 12 13 14 15 |
---------------+----------------------------------------------+-----
Polearms       | 5 6 7 8 9 11 12 13 14 15 | 15.0
Fighting       | 3 4 5 6 7 8 9 10 11 12 | 12.4
Throwing       | 3 4 5 6 7 8 9 10 11 | 11.4
Dodging        | 5 6 8 9 10 11 12 13 14 | 14.7
Invocations    | 2 3 5 6 7 9 10 11 | 11.6
Shields        | 2 4 6 7 8 9 10 | 10.0
Armour         | |  0.3

Action                   |  1- 3 |  4- 6 |  7- 9 | 10-12 | 13-15 || total
-------------------------+-------+-------+-------+-------+-------++-------
Melee: Trident           |    79 |   203 |   594 |   863 |  1226 ||  2965
       Tailslap          |       |       |     1 |       |    23 ||    24
       Halberd           |       |       |       |       |    66 ||    66
Throw: Boomerang         |       |     2 |     3 |    34 |   185 ||   224
       Dart              |       |       |       |     4 |     2 ||     6
Invok: Lesser Servant of |       |       |       |     1 |     2 ||     3
Evoke: Wand              |       |       |       |    13 |       ||    13
  Use: Potion            |       |     2 |       |    10 |     9 ||    21
       Scroll            |       |     6 |     7 |     4 |     7 ||    24
 Stab: Sleeping          |     3 |     5 |     3 |       |       ||    11
       Distracted        |       |     1 |     1 |     3 |     3 ||     8
Armor: Leather armour    |    29 |    45 |   133 |       |       ||   207
       Steam dragon scal |       |       |    11 |   142 |   175 ||   328
Dodge: Dodged            |    53 |   117 |   286 |   305 |   634 ||  1395
Block: Other             |       |       |    26 |       |    21 ||    47
       Kite shield       |       |       |   166 |   510 |   799 ||  1475
       Reflection        |       |       |       |     9 |    13 ||    22

Table legend: (Time is in decaauts)
 A = Elapsed time spent in this place.
 B = Non-inter-level travel time spent in this place.
 C = Inter-level travel time spent in this place.
 D = Time resting spent in this place.
 E = Time spent auto-exploring this place.
 F = Levels seen in this place.
 G = Mean time per level.
                   A        B        C        D        E       F      G
               +--------+--------+--------+--------+--------+-----+--------+
         Total |  26665 |  25437 |   1228 |   8206 |  11042 |  20 | 1333.2 |
       Dungeon |  12709 |  11748 |    961 |   2421 |   6301 |  10 | 1270.9 |
        Temple |     14 |     14 |      0 |      0 |      0 |   1 |   14.0 |
          Lair |  13006 |  12739 |    267 |   5328 |   4662 |   6 | 2167.7 |
  Orcish Mines |     19 |     19 |      0 |      0 |      0 |   1 |   19.0 |
         Sewer |    169 |    169 |      0 |      0 |     68 |   1 |  169.0 |
       Ossuary |    747 |    747 |      0 |    457 |     10 |   1 |  747.0 |
               +--------+--------+--------+--------+--------+-----+--------+

Top non-repeatable levels by time:
  Lair:5: 3827 daAuts
  Lair:3: 2454 daAuts
     D:9: 2213 daAuts
  Lair:1: 2177 daAuts
  Lair:2: 1809 daAuts
    D:10: 1655 daAuts
     D:5: 1494 daAuts
     D:6: 1386 daAuts
     D:8: 1386 daAuts
  Lair:4: 1384 daAuts
  Lair:6: 1352 daAuts
     D:3: 1246 daAuts
     D:2: 1043 daAuts
     D:4: 802 daAuts
     D:7: 758 daAuts
